Cogmind - Beta 14 @@@ ROGUE MODE // 2024.09.17 @ 05:44:56 Player: J1ang-5h1 Result: Destroyed by P-70 Sage with Tesla Rifle Performance ------------- Evolutions (5) 2500 Regions Visited (15) 3000 Robots Destroyed (94) 470 Value Destroyed (3282) 3282 Prototype IDs (32) 640 Alien Tech Used (0) 0 Bonus (5091) 5091 TOTAL SCORE: 14983 Bonus ------- High Alert Combat Kills 205 Follower Combat Kills 2552 Aligned with FarCom 300 Met Warlord at Base 500 MAIN.C Attacked Warlord 500 Warlord Defense Kills 434 Built Enhanced Grunts 300 Met R17 at Cetus 500 Friendly Fire -200 Cogmind --------- Core Integrity 0/1000 Matter 210/300 Energy 75/100 System Corruption 24% Temperature Cool (93) Movement Core (50) Location -5/Warlord Parts ------- > --- POWER (2) -------- (None) > --- PROPULSION (5) --- (None) > --- UTILITY (3) ------ (None) > --- WEAPON (7) ------- (None) > --- INVENTORY (5) ---- Compact Wheel Improved Transmission Jammer Centrium Medium Armor Plating Improved Remote Force Field Advanced Variable Charge Gun Peak State ------------ > --- POWER ------------ Reinforced Antimatter Reactor Quantum Reactor > --- PROPULSION ------- Improved Medium Treads Spiked Medium Treads Armored Medium Treads Armored Medium Treads Armored Medium Treads > --- UTILITY ---------- Improved Cryofiber Web Advanced Heat Sink Huge Storage Unit > --- WEAPON ----------- Advanced Variable Charge Gun Neutron Cannon Hypervelocity Coil Gun Hypervelocity Coil Gun Hypervelocity Coil Gun Advanced KE Penetrator Advanced KE Penetrator > --- INVENTORY -------- Matter Compressor Machine Analyzer Advanced Visual Processing Unit Advanced Signal Interpreter Long-range Terrain Scanner Precision Matter Filter Improved Kinecellerator Weapon Cycler Improved Transmission Jammer Improved Phase Shifter Layered Medium Armor Plating Centrium Medium Armor Plating Centrium Medium Armor Plating Centrium Medium Armor Plating Reactive Plating Improved Focal Shield Thermal Shield Advanced Force Field Improved Remote Force Field Long-range Tractor Beam Advanced Variable Charge Gun Long-range Proton Cannon Neutron Cannon Advanced KE Penetrator [Rating: 119] Favorites ----------- Power Quantum Reactor Engine Deuterium Engine Power Core Neutrino Core Reactor Quantum Reactor Propulsion Carbon-fiber Leg Treads Medium Treads Leg Carbon-fiber Leg Wheel Compact Wheel Utility Huge Storage Unit Device Improved Cryofiber Web Storage Huge Storage Unit Protection Reactive Plating Weapon Hypervelocity Coil Gun Energy Gun Advanced Variable Charge Gun Energy Cannon Phase Cannon Ballistic Gun Hypervelocity Coil Gun Ballistic Cannon Advanced Assault Cannon Special Weapon Plasma Cutter Build | -11 -10 -10 -10 -9 -8 -8 -8 -8 -6 -6 -6 -5 -5 -5 -5 ------- Run | Yrd Mat Min Exi Min Mat Sto Rec Scr Fac Ext Cet Fac Upp Upp War Slots Evolved 10 | . . . . . 4 . . . 4 . . 2 . . . Power 1 | . . . . . . . . . . . . 1 . . . Propulsion 3 | . . . . . 1 . . . 2 . . . . . . Utility 1 | . . . . . . . . . . . . 1 . . . Weapon 5 | . . . . . 3 . . . 2 . . . . . . Parts Attached 149 | 1 26 . 3 . 7 2 3 2 9 31 10 27 8 3 17 Power 12 | . 3 . . . 1 1 . . . 2 1 1 1 . 2 Engine 6 | . 3 . . . 1 1 . . . 1 . . . . . Core 2 | . . . . . . . . . . 1 . . 1 . . Reactor 4 | . . . . . . . . . . . 1 1 . . 2 Propulsion 49 | . 14 . 3 . 4 . . . 4 14 1 2 1 . 6 Treads 20 | . 7 . 1 . . . . . . 4 1 1 . . 6 Leg 19 | . . . . . 3 . . . 4 10 . 1 1 . . Wheel 10 | . 7 . 2 . 1 . . . . . . . . . . Hover . | . . . . . . . . . . . . . . . . Flight . | . . . . . . . . . . . . . . . . Utility 41 | 1 5 . . . . 1 3 . 1 3 2 18 2 2 3 Device 33 | 1 1 . . . . . 2 . 1 3 2 16 2 2 3 Storage 2 | . 2 . . . . . . . . . . . . . . Processor . | . . . . . . . . . . . . . . . . Hackware . | . . . . . . . . . . . . . . . . Protection 6 | . 2 . . . . 1 1 . . . . 2 . . . Artifact . | . . . . . . . . . . . . . . . . Weapon 47 | . 4 . . . 2 . . 2 4 12 6 6 4 1 6 Energy Gun 8 | . . . . . 1 . . . 1 3 2 1 . . . Energy Cannon 12 | . . . . . . . . . . 5 1 2 . . 4 Ballistic Gun 22 | . 4 . . . 1 . . . 1 3 3 3 4 1 2 Ballistic Cannon 4 | . . . . . . . . 2 2 . . . . . . Launcher . | . . . . . . . . . . . . . . . . Special Weapon 1 | . . . . . . . . . . 1 . . . . . Impact Weapon . | . . . . . . . . . . . . . . . . Slashing Weapon . | . . . . . . . . . . . . . . . . Piercing Weapon . | . . . . . . . . . . . . . . . . Special Melee Weapon . | . . . . . . . . . . . . . . . . Unidentified Prototypes 5 | . . . . . . . . . . . 2 1 1 . 1 Corrupted Parts 4 | . . . . . . . . . . 1 3 . . . . System Corruption 25 | . . . . . . . . . . 5 20 . . . . Parts Lost 24 | . 3 . . . . . . . . 4 . 2 1 . 14 Power 2 | . 1 . . . . . . . . . . . . . 1 Propulsion 7 | . . . . . . . . . . . . 2 1 . 4 Utility 3 | . 1 . . . . . . . . . . . . . 2 Weapon 12 | . 1 . . . . . . . . 4 . . . . 7 Highest Loss Streak 14 | . 2 . . . . . . . . 2 . 1 1 . 14 To Critical Strikes 1 | . . . . . . . . . . 1 . . . . . Average Slot Usage (%) 95 | . 96 100 100 100 86 89 90 90 92 94 99 96 98 100 98 Engine 5 | . 13 14 14 14 9 9 9 9 6 2 6 . . . . Core 1 | . . . . . . . . . . 3 . . 4 5 4 Reactor 2 | . . . . . . . . . . . . 11 6 5 5 Treads 12 | . 18 28 . . . . . . . 9 31 25 17 17 18 Leg 13 | . 1 . . . 6 27 27 27 32 20 1 . 8 11 9 Wheel 2 | . 6 . 27 28 19 . . . . . . . . . . Device 5 | . 2 . . . . . 2 . . 6 5 9 11 11 10 Storage 7 | . 14 14 14 14 9 9 9 9 6 6 6 5 5 5 4 Protection 4 | . 11 14 14 14 9 8 6 9 5 . . . . . . Energy Gun 6 | . . . . . 7 9 9 9 6 16 5 7 5 5 4 Energy Cannon 3 | . . . . . . . . . . 8 25 8 . . 7 Ballistic Gun 25 | . 27 28 28 28 25 27 27 24 12 15 13 22 33 35 26 Ballistic Cannon 1 | . . . . . . . . 2 19 2 . . . . . Peak Build Rating 119 | 8 9 9 12 12 40 43 43 49 69 72 86 105 105 104 119 Average Rating 61 | 6 8 9 10 12 31 41 42 43 64 65 66 97 101 102 105 On Entrance 47 | 6 8 9 9 12 12 40 43 43 49 69 67 86 105 102 104 Naked Turns 7 | . . . . . . . . . . . . . . . 7 Heaviest Build 173 | 13 92 92 92 92 105 116 116 124 135 140 143 169 161 158 173 Greatest Support 140 | 20 40 40 40 32 45 45 45 45 80 106 126 126 109 81 140 Greatest Overweight (x) 14 | . 14 2 2 2 6 2 2 2 1 9 9 1 10 10 3 Average Overweight (x) 1 | . 1 2 2 2 2 2 2 2 1 1 1 1 4 4 1 Largest Inventory Capacity 25 | 8 25 25 25 25 25 25 25 25 25 25 25 25 25 25 25 Average Capacity 24 | 8 21 25 25 25 25 25 25 25 25 25 25 25 25 25 24 Most Carried 25 | 8 22 21 25 25 25 25 25 25 25 25 25 25 25 25 25 Average Carried 23 | 6 18 21 24 25 24 24 24 24 24 24 24 24 24 24 24 Final Capacity 25 | 8 25 25 25 25 25 25 25 25 25 25 25 25 25 25 5 Final Carried 25 | 8 21 21 25 25 25 25 25 25 25 25 25 25 25 25 5 Class Distribution -------------------- 44% | Scavenger-Executioner 20% | Mutant 14% | Tank 9% | Skirmisher 5% | Executioner 4% | Commander-Executioner Dominant Class ---------------- Mutant | -10/Materials Mutant | -10/Mines Mutant | -10/Exiles Mutant | -9/Mines Skirmisher | -8/Materials Skirmisher | -8/Storage Skirmisher | -8/Recycling Tank | -8/Scraptown Executioner | -6/Factory Scavenger-Executioner | -6/Extension Scavenger-Executioner | -6/Cetus Scavenger-Executioner | -5/Factory Scavenger-Executioner | -5/Upper Caves Scavenger-Executioner | -5/Upper Caves Scavenger-Executioner | -5/Warlord Resources | -11 -10 -10 -10 -9 -8 -8 -8 -8 -6 -6 -6 -5 -5 -5 -5 ----------- Run | Yrd Mat Min Exi Min Mat Sto Rec Scr Fac Ext Cet Fac Upp Upp War Matter Collected 4757 | 336 757 103 60 . 67 59 30 20 589 816 96 683 478 287 376 Remotely 481 | . . . . . . . . . . . . 481 . . . Salvage Created 4683 | 180 825 49 . . 87 177 53 . 375 1102 . 635 653 249 298 Parts 244 | 12 58 6 . . 10 9 6 . 23 33 . 26 26 19 16 Haulers Intercepted 7 | . 2 . . . . 1 . . . 2 . 1 1 . . Recyclers Shooed 13 | . 4 . . . . . . . 6 3 . . . . . Parts Field Recycled . | . . . . . . . . . . . . . . . . Retrieved Matter . | . . . . . . . . . . . . . . . . Parts Self-Destructed 36 | . . . . . . . . . . . . . 17 19 . Prevented 3 | . . . . . . . . . . . . . 3 . . Kills | -11 -10 -10 -10 -9 -8 -8 -8 -8 -6 -6 -6 -5 -5 -5 -5 ------- Run | Yrd Mat Min Exi Min Mat Sto Rec Scr Fac Ext Cet Fac Upp Upp War Combat Hostiles Destroyed 64 | . 12 3 . . 3 3 1 . 5 12 . 7 8 6 4 Guns 57 | . 12 3 . . 3 3 1 . 4 7 . 7 8 6 3 Cannons 3 | . . . . . . . . . 1 2 . . . . . AOE 3 | . . . . . . . . . . 2 . . . . 1 Classes Destroyed 16 | 2 6 . . . . 1 . . 2 3 . . . . 2 Worker 3 | . 2 . . . 1 . . . . . . . . . . Builder 3 | . 1 . . . . . . . 2 . . . . . . Tunneler 4 | 4 . . . . . . . . . . . . . . . Hauler 7 | . 2 . . . . 1 . . . 2 . 1 1 . . Recycler 6 | 1 2 . . . . . . . 1 2 . . . . . Operator 1 | . . . . . . . . . . 1 . . . . . Watcher 6 | . 3 . . . 1 . . . . 1 . 1 . . . Swarmer 14 | . 3 3 . . 3 . . . . 1 . . . 4 . Grunt 25 | . 9 . . . . 2 . . 1 4 . 4 5 . . Brawler 2 | . . . . . . . . . . 1 . . . . 1 Protector 2 | . . . . . . . . . . . . . . . 2 Sentry 7 | . . . . . . 1 1 . 1 3 . 1 . . . Demolisher 1 | . . . . . . . . . . . . . . . 1 Hunter 7 | . . . . . . . . . 2 1 . 2 . 2 . Programmer 1 | . . . . . . . . . 1 . . . . . . Behemoth 2 | . . . . . . . . . . 2 . . . . . Thug 3 | . . . . . . . . . . . . . 3 . . Best Kill Streak 6 | 1 3 3 . . 3 2 1 . 6 3 . 4 5 4 2 Combat Bots Only 5 | . 2 3 . . 3 2 1 . 2 3 . 3 5 4 2 Max Kills in Single Turn 2 | 1 1 1 . . 1 1 1 . 1 2 . 1 2 1 1 Gunslinging . | . . . . . . . . . . . . . . . . Exploded 2 | . . . . . . . . . . 2 . . . . 1 Melee . | . . . . . . . . . . . . . . . . Uniques/NPCs Destroyed . | . . . . . . . . . . . . . . . . Combat | -11 -10 -10 -10 -9 -8 -8 -8 -8 -6 -6 -6 -5 -5 -5 -5 -------- Run | Yrd Mat Min Exi Min Mat Sto Rec Scr Fac Ext Cet Fac Upp Upp War Hostile Shots Fired 643 | . 71 20 . . 8 7 2 . 56 121 17 39 39 46 217 Missed 164 | . 19 9 . . . 2 . . 10 34 6 12 15 11 46 Damage Taken 7949 | . 596 92 . . 57 69 25 . 544 1029 361 620 463 592 3501 Core 1323 | . 140 28 . . 14 . . . 60 81 . 58 22 52 868 Absorbed by Shields 1303 | . . . . . . . . . . 164 12 . . . 1127 Ignored by Resistances 118 | . . . . . . . 3 . 115 . . . . . . Regen/Repaired (Parts) 350 | . 98 . . . . . . . . . . . . . 252 Core Remaining (%) 78 | 100 . . . 32 . . . 97 . . 83 . . . . Volleys Fired 286 | 22 67 11 . . 2 4 . . 27 70 8 26 19 10 20 Largest 7 | 2 2 2 . . 3 3 . . 5 7 3 7 6 6 6 Hottest 390 | 40 40 40 . . 103 103 . . 237 374 255 390 260 210 320 Shots Fired 867 | 44 131 22 . . 12 26 2 . 88 172 20 113 89 55 93 Gun 686 | 44 131 22 . . 12 26 2 . 37 112 2 93 79 55 71 Cannon 158 | . . . . . . . . . 51 37 18 20 10 . 22 Launcher . | . . . . . . . . . . . . . . . . Special 23 | . . . . . . . . . . 23 . . . . . Kinetic 640 | 44 131 22 . . 11 22 2 . 80 43 2 84 74 54 71 Thermal 226 | . . . . . 1 4 . . 8 129 18 29 15 1 21 Explosive . | . . . . . . . . . . . . . . . . Electromagnetic 1 | . . . . . . . . . . . . . . . 1 Robot Hit Streak 16 | 3 12 3 . . 8 12 12 . 14 16 6 7 6 5 8 Robot Miss Streak 12 | 5 5 2 . . 1 1 . . 4 12 4 3 6 6 3 Penetration Max 1 | . . . . . . . . . . . . 1 1 . 1 Secondary Targets 9 | . . 1 . . . 1 . . . 3 . . 1 3 . Max Gunslinging Chain 1 | . . 1 . . . 1 . . . 1 . . 1 1 . Autonomous 26 | . . . . . 7 14 2 . 3 . . . . . . Shots Hit Robots 481 | 23 77 11 . . 9 22 2 . 40 101 12 57 45 24 58 Core Hits 232 | 6 36 4 . . 5 7 1 . 20 65 2 27 21 11 27 Critical Kills 21 | . 1 . . . . . . . . . . 6 7 5 2 Critical Parts Destroyed 35 | . . . . . . 1 . . . 1 . 7 10 6 10 Critical Strikes 70 | . 1 . . . . 1 . . 2 10 . 13 17 11 15 Burn 8 | . . . . . . . . . . 8 . . . . . Destroy 59 | . 1 . . . . 1 . . . 1 . 13 17 11 15 Blast 3 | . . . . . . . . . 2 1 . . . . . Melee Attacks . | . . . . . . . . . . . . . . . . Impact . | . . . . . . . . . . . . . . . . Slashing . | . . . . . . . . . . . . . . . . Piercing . | . . . . . . . . . . . . . . . . Sneak Attacks . | . . . . . . . . . . . . . . . . Combat Hostiles . | . . . . . . . . . . . . . . . . Follow-up Attacks . | . . . . . . . . . . . . . . . . Damage Inflicted 10729 | 292 1095 135 . . 259 543 66 . 1035 3046 375 1085 805 180 1813 Guns 7135 | 292 1095 135 . . 259 543 63 . 398 1934 44 754 653 180 785 Cannons 2710 | . . . . . . . . . 637 638 331 331 152 . 621 Explosions 881 | . . . . . . . . . . 474 . . . . 407 Melee . | . . . . . . . . . . . . . . . . Ramming 3 | . . . . . . . 3 . . . . . . . . Kinetic 6138 | 292 1095 135 . . 243 474 63 . 949 710 44 682 486 180 785 Thermal 4560 | . . . . . 16 69 . . 86 2336 331 403 319 . 1000 Explosive . | . . . . . . . . . . . . . . . . Electromagnetic 28 | . . . . . . . . . . . . . . . 28 Impact . | . . . . . . . . . . . . . . . . Slashing . | . . . . . . . . . . . . . . . . Piercing . | . . . . . . . . . . . . . . . . Highest Corruption 32 | . . . . . . . . . 2 17 32 . . . 24 Average Corruption 9 | . . . . . . . . . 1 9 12 . . . 10 Corruption Purged 5 | . . . . . . . . . . 5 . . . . . Corruption Blocked . | . . . . . . . . . . . . . . . . Effects 94 | . . . . . . . . . 3 69 21 . . . 1 Message Errors 22 | . . . . . . . . . . 16 5 . . . 1 Matter Fused 20 | . . . . . . . . . . 18 2 . . . . Heat Flow Errors 11 | . . . . . . . . . 1 9 1 . . . . Energy Discharges 14 | . . . . . . . . . . 9 5 . . . . Parts Rejected 1 | . . . . . . . . . 1 . . . . . . Data Loss (minor) 9 | . . . . . . . . . 1 5 3 . . . . Data Loss (major) 8 | . . . . . . . . . . 5 3 . . . . Misfires 4 | . . . . . . . . . . 3 1 . . . . Alerts 1 | . . . . . . . . . . . 1 . . . . Misdirections 1 | . . . . . . . . . . 1 . . . . . Weapon Failures 3 | . . . . . . . . . . 3 . . . . . Overload Shots 2 | . . . . . . . . . . . . 2 . . . Overflow Damage 86 | . . . . . . . . . 21 62 . . 3 . . Projectiles 24 | . . . . . . . . . 21 . . . 3 . . Explosions 62 | . . . . . . . . . . 62 . . . . . Melee . | . . . . . . . . . . . . . . . . Knockbacks 7 | . . . . . . . . . 7 . . . . . . Impact . | . . . . . . . . . . . . . . . . Kinetic 5 | . . . . . . . . . 5 . . . . . . Secondary 2 | . . . . . . . . . 2 . . . . . . Self-Inflicted Damage . | . . . . . . . . . . . . . . . . Shots . | . . . . . . . . . . . . . . . . Rammed . | . . . . . . . . . . . . . . . . Targets Rammed 1 | . . . . . . . 1 . . . . . . . . Kicked 1 | . . . . . . . 1 . . . . . . . . Crushed . | . . . . . . . . . . . . . . . . Highest Temperature 711 | 6 26 2 . . 36 72 . . 457 516 373 234 276 . 711 Average Temperature 153 | 6 8 2 . . 21 34 . . 173 156 117 96 143 . 344 Received Heat Transfer 1484 | . 276 6 . . . 45 9 . 12 395 36 144 273 . 288 Effects 15 | . . . . . . . . . 4 8 . . . . 3 Shutdowns 3 | . . . . . . . . . 1 2 . . . . . Energy Bleed 1 | . . . . . . . . . 1 . . . . . . Interference 5 | . . . . . . . . . 2 3 . . . . . Matter Decay 2 | . . . . . . . . . . 1 . . . . 1 Short Circuit 2 | . . . . . . . . . . 2 . . . . . Damage (minor) 1 | . . . . . . . . . . . . . . . 1 Damage (core) 1 | . . . . . . . . . . . . . . . 1 Siege Activations . | . . . . . . . . . . . . . . . . Robots Corrupted . | . . . . . . . . . . . . . . . . Combat Hostiles . | . . . . . . . . . . . . . . . . Parts Fried . | . . . . . . . . . . . . . . . . Impact Corruptions . | . . . . . . . . . . . . . . . . Robots Melted 1 | . . . . . . . . . . 1 . . . . . Combat Hostiles 1 | . . . . . . . . . . 1 . . . . . Parts Melted 15 | . . . . . . . . . . 14 . 1 . . . Heat Transferred 6680 | . . . . . 37 148 . . 185 4849 407 481 370 . 203 Parts Sabotaged . | . . . . . . . . . . . . . . . . Parts Stolen . | . . . . . . . . . . . . . . . . Parts Stripped . | . . . . . . . . . . . . . . . . Power Chain Reactions 2 | . . . . . . . . . . . . . . . 2 Alert | -11 -10 -10 -10 -9 -8 -8 -8 -8 -6 -6 -6 -5 -5 -5 -5 ------- Run | Yrd Mat Min Exi Min Mat Sto Rec Scr Fac Ext Cet Fac Upp Upp War Peak Influence 924 | 25 310 95 . . 103 172 121 . 166 924 592 831 . . . Initial 481 | . 16 25 . . . 42 63 . . 36 481 297 . . . Average 202 | 13 119 50 . . 50 132 39 . 32 298 526 494 . . . Maximum Alert Level 3 | . 1 . . . . . . . . 3 2 3 . . . Low Security (%) 69 | 100 82 100 . 100 100 100 100 . 100 56 . 7 . . . Level 1 9 | . 17 . . . . . . . . 4 8 37 . . . Level 2 14 | . . . . . . . . . . 21 91 38 . . . Level 3 6 | . . . . . . . . . . 18 . 16 . . . Level 4 . | . . . . . . . . . . . . . . . . Level 5 . | . . . . . . . . . . . . . . . . High Security . | . . . . . . . . . . . . . . . . Max Security . | . . . . . . . . . . . . . . . . Squads Dispatched 15 | . 3 . . . . . . . 2 3 1 6 . . . Investigation 4 | . 2 . . . . . . . . . 1 1 . . . Extermination 2 | . . . . . . . . . 1 . . 1 . . . Reinforcement 7 | . 1 . . . . . . . 1 2 . 3 . . . Assault 2 | . . . . . . . . . . 1 . 1 . . . Garrison . | . . . . . . . . . . . . . . . . Intercept . | . . . . . . . . . . . . . . . . Searches Triggered . | . . . . . . . . . . . . . . . . Construction Impeded 4 | . . . . . . . . . . 2 . 2 . . . Haulers Reinforced . | . . . . . . . . . . . . . . . . Active Scanning Responses . | . . . . . . . . . . . . . . . . Cargo Convoy Interrupts . | . . . . . . . . . . . . . . . . Stealth | -11 -10 -10 -10 -9 -8 -8 -8 -8 -6 -6 -6 -5 -5 -5 -5 --------- Run | Yrd Mat Min Exi Min Mat Sto Rec Scr Fac Ext Cet Fac Upp Upp War Distress Signals 4 | . . . . . . . . . . 1 2 1 . . . Communications Jammed . | . . . . . . . . . . . . . . . . Distress Signals . | . . . . . . . . . . . . . . . . Times Spotted 157 | . 22 4 . . 3 4 1 . 8 41 11 20 11 6 26 Peak Tracking Total 13 | . 5 3 . . 3 4 1 . 3 8 5 4 5 4 13 Tactical Retreats 9 | . 2 . . . . . . . . 1 . 2 4 . . Traps | -11 -10 -10 -10 -9 -8 -8 -8 -8 -6 -6 -6 -5 -5 -5 -5 ------- Run | Yrd Mat Min Exi Min Mat Sto Rec Scr Fac Ext Cet Fac Upp Upp War Traps Triggered 13 | . 4 . . . . . . . 1 8 . . . . . Indirectly . | . . . . . . . . . . . . . . . . Trap Hack Attempts . | . . . . . . . . . . . . . . . . Triggered . | . . . . . . . . . . . . . . . . Disarmed . | . . . . . . . . . . . . . . . . Reprogrammed . | . . . . . . . . . . . . . . . . Reused . | . . . . . . . . . . . . . . . . Traps Extracted . | . . . . . . . . . . . . . . . . Installed . | . . . . . . . . . . . . . . . . Triggered 9 | . . . . . . . . . . . . . . . 9 Machines | -11 -10 -10 -10 -9 -8 -8 -8 -8 -6 -6 -6 -5 -5 -5 -5 ---------- Run | Yrd Mat Min Exi Min Mat Sto Rec Scr Fac Ext Cet Fac Upp Upp War Machines Disabled 17 | . . 1 . . . . . . 2 5 . 9 . . . Max in Single Turn 2 | . . 1 . . . . . . 1 2 . 1 . . . Energy Cycler 3 | . . . . . . . . . . 3 . . . . . Machines Repaired . | . . . . . . . . . . . . . . . . Machines Dismantled . | . . . . . . . . . . . . . . . . Machines Sabotaged . | . . . . . . . . . . . . . . . . Overloaded Fab Kills . | . . . . . . . . . . . . . . . . Hacking | -11 -10 -10 -10 -9 -8 -8 -8 -8 -6 -6 -6 -5 -5 -5 -5 --------- Run | Yrd Mat Min Exi Min Mat Sto Rec Scr Fac Ext Cet Fac Upp Upp War Machines Accessed 54 | . 10 . 2 . 1 2 7 . 7 14 1 5 . . 5 Terminals 39 | . 7 . . . 1 2 5 . 7 12 1 4 . . . Fabricators . | . . . . . . . . . . . . . . . . Repair Stations 2 | . 1 . . . . . . . . 1 . . . . . Recycling Units 5 | . 2 . . . . . 2 . . 1 . . . . . Scanalyzers 1 | . . . . . . . . . . . . 1 . . . Garrison Access . | . . . . . . . . . . . . . . . . Total Hacks 137 | . 26 . 5 . 2 6 31 . 13 33 4 12 . . 5 Successful 78 | . 20 . 5 . 1 3 17 . 8 12 . 7 . . 5 Failed 59 | . 6 . . . 1 3 14 . 5 21 4 5 . . . Catastrophic 10 | . . . . . . . 2 . 1 5 2 . . . . Database Lockouts . | . . . . . . . . . . . . . . . . Manual 54 | . 13 . 1 . . 2 13 . 7 10 1 5 . . 2 Terminals 107 | . 18 . . . 2 6 25 . 13 30 4 9 . . . Fabricators . | . . . . . . . . . . . . . . . . Repair Stations 6 | . 4 . . . . . . . . 2 . . . . . Recycling Units 11 | . 4 . . . . . 6 . . 1 . . . . . Scanalyzers 3 | . . . . . . . . . . . . 3 . . . Garrison Access . | . . . . . . . . . . . . . . . . Terminal Hacks 39 | . 5 . 5 . 1 3 8 . 4 6 . 2 . . 5 Record 9 | . . . 4 . . . . . . . . . . . 5 Robot Schematic 1 | . . . . . . . 1 . . . . . . . . Robot Analysis 7 | . 2 . . . . . 4 . . 1 . . . . . Prototype ID Bank 2 | . . . . . . 1 . . . 1 . . . . . Open Door 4 | . . . . . . . . . 1 3 . . . . . Open DSF 1 | . . . . . . . . . 1 . . . . . . Branch Access Points 3 | . . . . . . . 1 . 1 . . 1 . . . Terminal Index 3 | . 1 . . . . . . . . 1 . 1 . . . Locate Traps 3 | . 2 . . . . 1 . . . . . . . . . Hauler Manifests 2 | . . . . . 1 1 . . . . . . . . . Zone Layout 3 | . . . . . . . 2 . 1 . . . . . . Derelict Proto ID Bank 1 | . . . 1 . . . . . . . . . . . . Fabricator Hacks . | . . . . . . . . . . . . . . . . Repair Station Hacks 5 | . 4 . . . . . . . . 1 . . . . . Scan Component 3 | . 2 . . . . . . . . 1 . . . . . Repair 2 | . 2 . . . . . . . . . . . . . . Recycling Unit Hacks 4 | . 2 . . . . . 1 . . 1 . . . . . Report Inventory 4 | . 2 . . . . . 1 . . 1 . . . . . Scanalyzer 2 | . . . . . . . . . . . . 2 . . . Insert Component 1 | . . . . . . . . . . . . 1 . . . Analyze 1 | . . . . . . . . . . . . 1 . . . Garrison Access Hacks . | . . . . . . . . . . . . . . . . Unauthorized Hacks 28 | . 9 . . . . . 8 . 4 4 . 3 . . . Terminals 24 | . 7 . . . . . 6 . 4 4 . 3 . . . Assimilate 1 | . . . . . . . . . 1 . . . . . . Botnet 9 | . 2 . . . . . 2 . 1 2 . 2 . . . Disrupt 2 | . . . . . . . . . 2 . . . . . . Skim 12 | . 5 . . . . . 4 . . 2 . 1 . . . Fabricators . | . . . . . . . . . . . . . . . . Repair Stations . | . . . . . . . . . . . . . . . . Recycling Units 4 | . 2 . . . . . 2 . . . . . . . . Tunnel 4 | . 2 . . . . . 2 . . . . . . . . Scanalyzers . | . . . . . . . . . . . . . . . . Garrison Access . | . . . . . . . . . . . . . . . . Data Cores Recovered 1 | . . . . . . . . . . 1 . . . . . Used . | . . . . . . . . . . . . . . . . Hacking Detections 41 | . 8 . . . 1 3 6 . 6 11 1 5 . . . Full Trace Events 2 | . . . . . . . . . . . 1 1 . . . Feedback Events . | . . . . . . . . . . . . . . . . Feedback Blocked . | . . . . . . . . . . . . . . . . Robot Schematics Acquired 1 | . . . . . . . 1 . . . . . . . . Robots Built . | . . . . . . . . . . . . . . . . Authchips . | . . . . . . . . . . . . . . . . Time . | . . . . . . . . . . . . . . . . Total Robot Build Rating . | . . . . . . . . . . . . . . . . Part Schematics Acquired 1 | . . . . . . . . . . . . 1 . . . Parts Built . | . . . . . . . . . . . . . . . . Authchips . | . . . . . . . . . . . . . . . . Time . | . . . . . . . . . . . . . . . . Total Part Build Rating . | . . . . . . . . . . . . . . . . Parts Repaired 2 | . 2 . . . . . . . . . . . . . . Time 52 | . 52 . . . . . . . . . . . . . . Parts Recycled . | . . . . . . . . . . . . . . . . Recycled Matter . | . . . . . . . . . . . . . . . . Retrieved Matter . | . . . . . . . . . . . . . . . . Retrieved Components . | . . . . . . . . . . . . . . . . Parts Scanalyzed 1 | . . . . . . . . . . . . 1 . . . Part Schematics Acquired 1 | . . . . . . . . . . . . 1 . . . Parts Damaged . | . . . . . . . . . . . . . . . . Bothacking | -11 -10 -10 -10 -9 -8 -8 -8 -8 -6 -6 -6 -5 -5 -5 -5 ------------ Run | Yrd Mat Min Exi Min Mat Sto Rec Scr Fac Ext Cet Fac Upp Upp War Used RIF Installer . | . . . . . . . . . . . . . . . . Robots Hacked . | . . . . . . . . . . . . . . . . Non-combat . | . . . . . . . . . . . . . . . . Combat . | . . . . . . . . . . . . . . . . Robot Hacks Applied . | . . . . . . . . . . . . . . . . Relay Couplers Released . | . . . . . . . . . . . . . . . . Fabnet Peak Effective % . | . . . . . . . . . . . . . . . . Robots Rewired 17 | . . . . . . . . . . 12 . . . . 5 Allies Hacked 2 | . . . . . . . . . . . . . . . 2 Hacks Repelled . | . . . . . . . . . . . . . . . . Allies | -11 -10 -10 -10 -9 -8 -8 -8 -8 -6 -6 -6 -5 -5 -5 -5 -------- Run | Yrd Mat Min Exi Min Mat Sto Rec Scr Fac Ext Cet Fac Upp Upp War Total Allies 31 | . . 3 . . . . . . 1 17 5 . . . 5 Largest Group 9 | . . 3 3 3 3 3 . . 1 9 8 4 . . 5 Highest-Rated Group 646 | . . 40 40 40 40 40 . . 10 366 646 427 . . 285 Highest-Rated Ally 159 | . . 16 16 16 16 16 . . 10 159 150 144 . . 65 Total Orders . | . . . . . . . . . . . . . . . . Ally Attacks 341 | . . 11 . . . 32 . . . 160 74 38 . . 26 Total Damage 9047 | . . 125 . . . 376 . . . 3383 2195 2148 . . 820 Kills 68 | . . 2 . . . 4 . . . 30 13 12 . . 7 Allies Corrupted 4 | . . . . . . . . . . 4 . . . . . Allies Melted . | . . . . . . . . . . . . . . . . Intel | -11 -10 -10 -10 -9 -8 -8 -8 -8 -6 -6 -6 -5 -5 -5 -5 ------- Run | Yrd Mat Min Exi Min Mat Sto Rec Scr Fac Ext Cet Fac Upp Upp War Robot Analysis Total 7 | . 2 . . . . . 4 . . 1 . . . . . Derelict Logs Recovered 2 | . . 1 . . . . . . . . . . 1 . . Drone Launches . | . . . . . . . . . . . . . . . . Drone Recoveries . | . . . . . . . . . . . . . . . . Exploration | -11 -10 -10 -10 -9 -8 -8 -8 -8 -6 -6 -6 -5 -5 -5 -5 ------------- Run | Yrd Mat Min Exi Min Mat Sto Rec Scr Fac Ext Cet Fac Upp Upp War Turns Passed 18560 | 199 2043 923 568 94 250 372 1113 2716 915 2255 584 1235 1603 1721 1969 Spaces Moved 6616 | 75 821 279 420 73 152 135 418 1041 423 816 169 454 327 360 653 Core 17 | . 8 . . . . . . . . . . . . . 9 Treads 2459 | . 384 279 6 . . . . . . 265 155 454 199 73 644 Legs 3196 | 75 101 . . . 23 135 418 1041 423 551 14 . 128 287 . Wheels 944 | . 328 . 414 73 129 . . . . . . . . . . Hover . | . . . . . . . . . . . . . . . . Flight . | . . . . . . . . . . . . . . . . Fastest Speed 50 | 120 115 320 130 130 123 260 260 260 190 190 240 240 240 240 50 Average Speed 254 | 120 208 320 132 130 146 260 260 260 190 215 282 240 467 463 280 Slowest Speed 820 | 120 750 320 320 130 540 260 260 260 190 750 750 240 820 820 410 Overloaded Moves . | . . . . . . . . . . . . . . . . Propulsion Burnouts . | . . . . . . . . . . . . . . . . Robots Hopped . | . . . . . . . . . . . . . . . . Cave-ins Triggered . | . . . . . . . . . . . . . . . . Exploration Rate (%) 46 | 5 96 51 70 18 14 23 70 59 9 88 56 14 49 55 71 Regions Visited 15 Branch Regions 11 Pre-discovered Areas 7 | . 3 1 1 . . . 2 . . . . . . . . Known Exits Taken 3 | . . . . . . 1 . . 1 . . 1 . . . Unknown Exits Taken 12 | 1 1 1 1 1 1 . 1 1 . 1 1 . 1 1 . Scrap Searched 7 | . . 2 . . . . . 3 . . . . 1 1 . Spaces Dug 7 | . . . . . . . . . 4 . . 2 . 1 . Terrain Destroyed 117 | . . . . . 4 7 4 . 14 15 4 19 24 7 19 Melee . | . . . . . . . . . . . . . . . . Projectile 95 | . . . . . 4 7 4 . 14 10 4 17 21 1 13 AOE 8 | . . . . . . . . . . 5 . . . . 3 Terrain Rammed . | . . . . . . . . . . . . . . . . Walls Destroyed . | . . . . . . . . . . . . . . . . Machines Disabled . | . . . . . . . . . . . . . . . . Actions | -11 -10 -10 -10 -9 -8 -8 -8 -8 -6 -6 -6 -5 -5 -5 -5 --------- Run | Yrd Mat Min Exi Min Mat Sto Rec Scr Fac Ext Cet Fac Upp Upp War Total 7709 | 140 1017 289 431 72 179 152 443 1054 477 1170 262 531 364 386 742 Wait 274 | 40 68 . . . . . 18 . . 70 54 5 . 12 7 Move 6601 | 74 820 278 419 72 151 134 417 1040 422 815 168 453 326 359 653 Hop . | . . . . . . . . . . . . . . . . Pick Up 113 | 3 28 . 6 . 9 5 2 6 8 18 10 7 5 1 5 Fast Attach 37 | . 2 . . . 5 1 . . 1 10 3 8 2 . 5 Attach 36 | 1 9 . . . 2 . . . 4 11 1 1 1 1 5 Detach 1 | . . . . . . . . . . . . 1 . . . Swap 76 | . 15 . 3 . . 1 3 2 4 10 6 18 5 2 7 Drop 118 | . 8 . 3 . 10 7 2 6 6 29 12 12 6 1 16 Fire 286 | 22 67 11 . . 2 4 . . 27 70 8 26 19 10 20 Melee . | . . . . . . . . . . . . . . . . Ram . | . . . . . . . . . . . . . . . . Kick 1 | . . . . . . . 1 . . . . . . . . Crush . | . . . . . . . . . . . . . . . . Escape Stasis 23 | . . . . . . . . . 5 18 . . . . . Rewire 143 | . . . . . . . . . . 119 . . . . 24 Trap . | . . . . . . . . . . . . . . . . Miscellaneous . | . . . . . . . . . . . . . . . . Route ------- -11/Scrapyard -10/Materials (discovered 5 exits: *Mat x3 / [*Min x2]) -10/Mines (discovered 2 exits: *Mat / *Exi) -10/Exiles -9/Mines -8/Materials -8/Storage -8/Recycling -8/Scraptown -6/Factory (discovered 4 exits: Low x2 / *Ext x2) -6/Extension (discovered 2 exits: *Fac / *Cet) -6/Cetus (discovered 2 exits: *Fac / [*Arc]) -5/Factory (discovered 2 exits: *Upp x2) -5/Upper Caves -5/Upper Caves -5/Warlord History --------- Turn | Location | Event 37 | -11/Scrapyard | Discovered new exit (range 3) 200 | -11/Scrapyard | Entered Materials 288 | -10/Materials | Discovered new exit (range 12) 315 | -10/Materials | Build established: Mutant 379 | -10/Materials | Discovered new exit (range 8) 439 | -10/Materials | Discovered new exit (range 9) 806 | -10/Materials | Core integrity fell below 50% 1040 | -10/Materials | Discovered new exit (range 11) 1424 | -10/Materials | Identified exit to Materials 1453 | -10/Materials | Loaded intel: 11 trap records 1483 | -10/Materials | Learned Storage trap positions 1501 | -10/Materials | Learned Materials trap positions 1653 | -10/Materials | Repaired Lgt. Treads 1680 | -10/Materials | Repaired Lgt. Treads 1984 | -10/Materials | Discovered exit to Materials (range 16) 2243 | -10/Materials | Entered Mines 2258 | -10/Mines | Discovered exit to Materials (range 15) 2292 | -10/Mines | Met a Derelict bent on vengeance 2681 | -10/Mines | Assisted by bots powering up and referring to "LRC-V3" 3144 | -10/Mines | Deemed a non-threat by the Exiles lab entrance 3147 | -10/Mines | Discovered new exit (range 5) 3166 | -10/Mines | Entered Exiles 3166 | -10/Exiles | Accompanied by 3 allies 3222 | -10/Exiles | Met 8R-AWN 3246 | -10/Exiles | Met EX-HEX 3289 | -10/Exiles | Met EX-BIN 3305 | -10/Exiles | Aligned with FarCom system 3306 | -10/Exiles | Given EX-Vault access code 3339 | -10/Exiles | Opened EX-Vault 3347 | -10/Exiles | Found AWS/Gauss 3374 | -10/Exiles | Warned to stay clear of 0b10 Research branches 3417 | -10/Exiles | Met EX-DEC 3426 | -10/Exiles | Learned location of Zion (-7) 3710 | -10/Exiles | Discovered new exit (range 15) 3734 | -10/Exiles | Left Exiles lab with AWS/Gauss 3734 | -10/Exiles | Entered Mines 3734 | -9/Mines | Accompanied by 3 allies 3794 | -9/Mines | Discovered new exit (range 7) 3828 | -9/Mines | Entered Materials 3828 | -8/Materials | Accompanied by 3 allies 3828 | -8/Materials | Evolved 4 slots: Propulsion x1, Weapon x3 3829 | -8/Materials | Loaded intel: 28 trap records 3984 | -8/Materials | Discovered new exit (range 14) 4078 | -8/Materials | Entered Storage 4078 | -8/Storage | Accompanied by 3 allies 4079 | -8/Storage | Identified exit to Recycling 4080 | -8/Storage | Loaded intel: 20 trap records 4151 | -8/Storage | Build established: Skirmisher 4442 | -8/Storage | Used back door to open Recycling access 4450 | -8/Storage | Entered Recycling 5493 | -8/Recycling | Scanned before Scraplab entrance 5532 | -8/Recycling | Entered Scraplab 5555 | -8/Recycling | Discovered new exit (range 3) 5563 | -8/Recycling | Entered Scraptown 5854 | -8/Scraptown | Build established: Tank 5996 | -8/Scraptown | Turned away by UFD registrar 6090 | -8/Scraptown | Visited Shadow of the Wyrm 6178 | -8/Scraptown | Visited Awakened 6279 | -8/Scraptown | Visited Scrapoid Research Area 6308 | -8/Scraptown | Visited Cyclists 6399 | -8/Scraptown | Visited Red Mages 6430 | -8/Scraptown | Visited The Evicted 6459 | -8/Scraptown | Visited Assassins FH 6581 | -8/Scraptown | Discovered new exit (range 11) 8279 | -8/Scraptown | Entered Factory 8279 | -6/Factory | Evolved 4 slots: Propulsion x2, Weapon x2 8526 | -6/Factory | Identified exit to DSF 8589 | -6/Factory | Build established: Executioner 8662 | -6/Factory | Identified exit to Lower Caves 8662 | -6/Factory | Identified exit to Extension 8901 | -6/Factory | AWS/Gauss suddenly broke down 9194 | -6/Factory | Entered Extension 9829 | -6/Extension | Build established: Commander-Executioner 9936 | -6/Extension | System corruption reached 10% 9966 | -6/Extension | Rescued A7 9975 | -6/Extension | Lost 3 allies 10319 | -6/Extension | Disrupted transfer network 10404 | -6/Extension | Spotted B-75 Beast 10413 | -6/Extension | Destroyed B-75 Beast 10427 | -6/Extension | Spotted B-75 Beast 10444 | -6/Extension | Destroyed B-75 Beast 10485 | -6/Extension | Lost 4 allies 10751 | -6/Extension | Build established: Scavenger-Executioner 10934 | -6/Extension | Rescued a captive Derelict 10944 | -6/Extension | First assault squad dispatched 10944 | -6/Extension | Rescued a captive Derelict 10985 | -6/Extension | Rescued a captive Derelict 10986 | -6/Extension | Rescued a captive Derelict 11026 | -6/Extension | Energy Cycler disabled 11381 | -6/Extension | Discovered new exit (range 10) 11383 | -6/Extension | Discovered new exit (range 6) 11449 | -6/Extension | Entered Cetus 11449 | -6/Cetus | Accompanied by 8 allies (A7) 11454 | -6/Cetus | Acquired a Cetus Manufacturing Module code from A7 11532 | -6/Cetus | Spotted Cetus Guard 11532 | -6/Cetus | Spotted Cetus Guard 11532 | -6/Cetus | Spotted Cetus Guard 11534 | -6/Cetus | Spotted Cetus Guard 11538 | -6/Cetus | Allies destroyed Cetus Guard 11554 | -6/Cetus | Allies destroyed Cetus Guard 11556 | -6/Cetus | Allies destroyed Cetus Guard 11558 | -6/Cetus | Allies destroyed Cetus Guard 11588 | -6/Cetus | Lost 4 allies 11679 | -6/Cetus | Started Cetus Manufacturing Module 11704 | -6/Cetus | Manufactured an Enhanced Grunt 11729 | -6/Cetus | Manufactured an Enhanced Grunt 11754 | -6/Cetus | Manufactured an Enhanced Grunt 11779 | -6/Cetus | Manufactured an Enhanced Grunt 11804 | -6/Cetus | Manufactured an Enhanced Grunt 11847 | -6/Cetus | Discovered new exit (range 15) 11893 | -6/Cetus | Spotted Cetus Guard 11893 | -6/Cetus | Spotted Cetus Guard 11895 | -6/Cetus | Spotted Cetus Guard 11897 | -6/Cetus | Spotted Cetus Guard 11900 | -6/Cetus | Allies destroyed Cetus Guard 11906 | -6/Cetus | Allies destroyed Cetus Guard 11909 | -6/Cetus | Allies destroyed Cetus Guard 11919 | -6/Cetus | Allies destroyed Cetus Guard 11934 | -6/Cetus | Discovered new exit (range 15) 11947 | -6/Cetus | Met Revision 17 12033 | -6/Cetus | System corruption reached 30% 12033 | -6/Cetus | Entered Factory 12033 | -5/Factory | Accompanied by 4 allies (A7) 12033 | -5/Factory | Evolved 2 slots: Power x1, Utility x1 12128 | -5/Factory | Identified exit to Upper Caves 12841 | -5/Factory | Lost 3 allies 13233 | -5/Factory | First assault squad dispatched 13268 | -5/Factory | Entered Upper Caves 13704 | -5/Upper Caves | Learned Factory trap positions 13792 | -5/Upper Caves | Ambushed by wild Derelicts 14781 | -5/Upper Caves | Discovered new exit (range 5) 14871 | -5/Upper Caves | Entered another Upper Caves area 16438 | -5/Upper Caves | Discovered new exit (range 6) 16592 | -5/Upper Caves | Entered Warlord 17892 | -5/Warlord | Warlord's base attacked by MAIN.C 17999 | -5/Warlord | Met Warlord 18242 | -5/Warlord | Warlord forces counterattacked 18342 | -5/Warlord | Lost 9 allies 18425 | -5/Warlord | Spotted Executioner 18429 | -5/Warlord | Spotted Executioner 18434 | -5/Warlord | Allies destroyed Executioner 18444 | -5/Warlord | Allies destroyed Executioner 18464 | -5/Warlord | Lost 8 allies 18496 | -5/Warlord | P-70 Sage assimilated allied Sentinel 6a 18498 | -5/Warlord | Spotted Striker 18523 | -5/Warlord | P-70 Sage assimilated allied Slayer 6a 18532 | -5/Warlord | P-80 Master assimilated allied Archangel 6c 18535 | -5/Warlord | System corruption reached 10% 18543 | -5/Warlord | Core integrity fell below 50% 18554 | -5/Warlord | Released all parts (1) 18556 | -5/Warlord | Core integrity fell below 20% 18561 | -5/Warlord | Destroyed by P-70 Sage with Tesla Rifle Last Messages --------------- corruption cleaned. 18553_ P-80 Master resets L-41 Fighter, system corruption cleaned. 18554_ Released Huge Storage Unit. 18554_ Dropped Lyr. Medium Armor Plating. 18555_ Dropped Reactive Plating. 18556_ Acquired Centrium Medium Armor Plating. 18556_ P-80 Master fails to hack Archangel 6a. 18556_ P-70 Sage hacks Archangel 6a, rebooting. 18556_ Striker sneak attacks. 18556_ Archangel 6a destroyed. 18558_ Knocked back. 18559_ P-70 Sage resets P-70 Sage, system corruption cleaned. 18559_ Acquired 72 matter. 18560_ Acquired Corrupted Com. Wheel. 18561_ B-74 Champion system terminally corrupted. 18561_ P-70 Sage resets I-47 Archangel, system corruption cleaned. Map ----- +----------------------------------------------------+ | ??????????????????????????????????? | | ??????????????????????????????????? | | #?????????????????????????????????? | | #?????????????????????????????????? | | #?????????????????????????????????? | | #?????????????????????????????????? | | #?????????????????????????????????? | | #?????????????????????????????????? | | #?????????????????????????????????? | | #?????????????????????????????????? | | #?????????????????????????? ??????? | | #????????????????????????? = ????? | | #?????????????????????? =%/ ????? | | #?????????????????????? * ????? | | #??????????????????????# ##??? | | #??????????????????????#; #"#??? | | #??????????????# ?????##; # #??? | | ???????????????# ##### ! #"##?? | | ???????????????# % [ ""#?? | | ????????????????# #;; #;;%[ ##? | | ?????????????????# [=%; ; #? | | "?????????????????# ! #% #? | | "#?????????????????# %= = ##? | | "#?????????????????# %=%= %[!= ## | | "#?????????????????# [=%*#!=/%[ ;# | | "#####????????????#### %@[!![]= #? | | "*=!"############?# #= =%!!Ki*!%*#? | | "[%%"""" "" """### ###=!%p!!p!##? | | "!=%!%"= % ==# ## !###*=li]p!!#? | | %=%!=%=!*[= %%*"""=[%#%===![!##!#? | | [[%[%%!*% = =%%[=%%==%=%[![!!###? | | [=!%%[!%!! ===%[*[[=%[%%[!=#!!#??? | | ^**%%= =]! = %="###=[!%=!! # #??? | | "* ="""= "# # #!%=! # ##?? | | "!=!""" ""#### !%[!#### #?? | | " =*"# ## ###??##!=#### # #?? | | "####### # ###?????# #?# #?? | | "#?????######??????# ### #?? | | "#????????????????# ^### ##?? | | "#????????????????# "#?# #??? | | ?????????????????? #??## ##??? | | ?????????????????? ????## #???? | | ?????????????????? #?????# #???? | | ?????????????????? ??????## ##??? | | ??????????????????? ??????## #??? | | ?????????????????????????## ^ #??? | | ?????????????????????????# #??? | | ?????????????????????????# #??? | | ?????????????????????????# #??? | | ?????????????????????????# #??? | +----------------------------------------------------+ Best States ------------- Heat Dissipation 78 Energy Generation 41 Energy Capacity 575 Matter Stores 300 Matter Capacity 300 Sight Range 16 Terrain Scan Range 24 Terrain Scan Density 10 Base Temperature (-) 150 Armor Coverage 225 Resistance: KI 20 Evasion (%) 55 Recoil Reduction 5 Matter Filtering 50 Item Schematics ----------------- Hyp. Coil Gun | -5/Factory | Scanalyzed Robot Schematics ------------------ M-28 Smith | -8/Recycling | Hacked Fabricated ------------ Nothing Alien Tech Used ----------------- None Achievements -------------- Executioner Challenges ------------ None Game ------ Seed MissileWardroneExtractor Manual? 0 Play Time 01:56:34 Cumulative 306.9 hours Start 2024.09.17 @ 03:49:04 End 2024.09.17 @ 05:44:56 Sessions 1 Manual Loads 0 Difficulty Rogue Special Mode None Game No. 221 Rogue 211 Adventurer 0 Explorer 10 Win Type - Total 3 Types 3/0/0/0/0/0/0/0/0 Lore% 76 Gallery% 73 Achievement% 57 Wizard Run 0 Options --------- Layout 2 ASCII 0 Keyboard 0 Movement Arrows Keybinds 1 Fullscreen 1 Font 24/Smallcaps Map View 50x44 Zoom Use 0% Tactical HUD 1 Map Filters NONE Filters NONE Steam 1 RUN: f293f457-5f22-4ed0-8346-8beceb078848